 Dungeon Crawl Stone Soup version 0.20.1-1-g8b1a95d (console) character file.

273 bli the Poker (level 6, 0/51 HPs)
             Began as a Merfolk Chaos Knight on July 29, 2017.
             Slain by an ice beast (9 damage)
             ... on level 4 of the Dungeon.
             The game lasted 00:11:16 (2885 turns).

bli the Poker (Merfolk Chaos Knight)                Turns: 2885, Time: 00:11:17

Health: 0/51       AC: 12    Str:  9    XL:     6   Next: 24%
Magic:  1/6        EV: 13    Int: 13    God:    Xom [...*..]
Gold:   132        SH:  4    Dex: 16    Spells: 5/5 levels left

rFire    . . .     SeeInvis .   a - +0 spear (chaos)
rCold    . . .     Gourm    .   (no shield)
rNeg     . . .     Faith    .   b - +2 leather armour
rPois    .         Spirit   .   l - +0 helmet
rElec    .         Reflect  .   (no cloak)
rCorr    .         Harm     .   E - +0 pair of gloves
MR       +....                  d - +0 pair of boots
Stlth    ++........             e - amulet of rage
Regen    0.2/turn               m - ring of protection from magic
MPRegen  0.1/turn               q - -3 ring of strength (curse)

@: no status effects
A: change form in water, swift swim, stealthy swim, iridescent scales 1, large
bone plates 1, slimy green scales 1, clever 1
a: Renounce Religion, Evoke Berserk Rage


You were on level 4 of the Dungeon.
You worshipped Xom.
You were a favourite toy of Xom.
You were hungry.

You visited 1 branch of the dungeon, and saw 4 of its levels.

You collected 132 gold pieces.

Inventory:

Hand Weapons
 a - a +0 spear of chaos (weapon)
 z - a +4 hand axe
 C - a +0 short sword of venom
 D - a +1 flail of holy wrath
 F - a +0 war axe of electrocution
Missiles
 t - 18 stones (quivered)
Armour
 b - a +2 leather armour (worn)
 d - a +0 pair of boots (worn)
 l - a +0 helmet (worn)
 E - a +0 pair of gloves (worn)
 G - a +0 hat
Jewellery
 e - an amulet of rage (around neck)
 k - an uncursed ring of magical power
 m - a ring of protection from magic (left hand)
 q - a cursed -3 ring of strength (right hand)
Scrolls
 j - 2 scrolls of teleportation
 r - a scroll of immolation {unknown}
 s - 2 scrolls of remove curse {unknown}
 u - a scroll of fog {unknown}
 w - 2 scrolls of identify {unknown}
 x - 2 scrolls of fear {unknown}
 y - 2 scrolls of enchant weapon {unknown}
Potions
 f - 3 potions of heal wounds {unknown}
 g - a potion of agility {unknown}
 i - 3 potions of curing
 n - a potion of mutation {unknown}
 o - 2 potions of brilliance {unknown}
 v - a potion of invisibility {unknown}
Miscellaneous
 A - a lamp of fire
Comestibles
 c - 4 bread rations
 h - 3 meat rations
 p - 3 fruits


   Skills:
 * Level 5.1 Fighting
 + Level 6.4 Polearms
 + Level 1.4 Armour
 + Level 3.7 Dodging
 + Level 2.3 Stealth


You had 5 spell levels left.
You didn't know any spells.

Dungeon Overview and Level Annotations

Branches:
Dungeon (4/15)
 Temple: D:4-7

Altars:
Dithmenos
Ru
Xom
Yredelemnul


Innate Abilities, Weirdness & Mutations

You revert to your normal form in water.
You are very nimble and swift while swimming.
You are very stealthy in the water. (Stealth+)
You are partially covered in iridescent scales. (AC +2)
You are partially covered in large bone plates. (SH +4)
You are partially covered in slimy green scales. (AC +2)
Your mind is acute. (Int +2)


Message History

You closely miss something.
The crimson imp blinks!
Something hits you but does no damage. Something hits you.
* * * LOW HITPOINT WARNING * * *
Something freezes you.
* * * LOW HITPOINT WARNING * * *
It was a potion of curing.
You feel better.
Xom thinks this is hilarious!
Something hits you but does no damage. The eye of draining gazes at you.
You feel your power leaking away.
Attack whom?
Press: ? - help, Dir - move target cursor, f - crimson imp
Aim: a crimson imp You reach to attack!
You hit the crimson imp.
The crimson imp is poisoned.
The crimson imp is moderately wounded.
Something hits you.
* * * LOW HITPOINT WARNING * * *
Something freezes you!
You die...
Xom titters!

#.....#, , ,, ,,
#.....# * *,,
#.####..#,* *,, #.#
*, #,* * , #.#*** *,
, #G#,,,, *, * *,,
##.#, *,** * , ,
#..#, ,, ,*,*** ,
#.##.# ****,* ,,
#.##.# *,* * ,
#@##.# * * * #.##.#
*, #5##.# *,* *
#.##.# ,,, ,
#.##.############
###...............#
#.......#########.#
#.......#########.##
#.........#.........
####......#.#.......
#......#.#.......


You could see an eye of draining and a crimson imp.

Vanquished Creatures
  An ice beast (D:4)
  The ghost of hilaritas the Shield-Bearer, a weakling DgFi (D:3)
  An orc priest (D:3)
  An orc wizard (D:3)
  4 gnolls
  2 adders (D:3)
  2 oozes
  A worm (D:3)
  A dart slug (D:3)
  2 leopard geckos
  6 orcs (D:3)
  5 giant cockroaches
  3 goblins (D:2)
  12 hobgoblins
  3 bats
  6 frilled lizards
  6 kobolds
  6 rats
63 creatures vanquished.

Notes
Turn   | Place    | Note
-------+----------+-------------------------------------------
     0 | D:1      | bli the Merfolk Chaos Knight began the quest for the Orb.
     0 | D:1      | Reached XP level 1. HP: 18/18 MP: 1/1
   161 | D:1      | XOM: divination: detect items
   513 | D:1      | Reached XP level 2. HP: 25/25 MP: 2/2
   805 | D:1      | XOM: silly message
  1097 | D:2      | You fall through a shaft!
  1172 | D:3      | Reached XP level 3. HP: 30/30 MP: 3/3
  1434 | D:2      | Reached skill level 1 in Armour
  1449 | D:2      | Reached skill level 5 in Polearms
  1507 | D:2      | Reached skill level 1 in Stealth
  1507 | D:2      | Reached XP level 4. HP: 37/37 MP: 4/4
  1523 | D:2      | XOM: smoke on damage
  1537 | D:2      | XOM: potion effect (curing)
  1589 | D:2      | XOM: noise
  1602 | D:2      | XOM: divination: magic mapping
  1695 | D:2      | Found a shadowy altar of Dithmenos.
  1695 | D:2      | Found a faded altar of an unknown god.
  1700 | D:2      | Found a basalt altar of Yredelemnul.
  1702 | D:2      | Found a faded altar of an unknown god.
  1704 | D:2      | Found a sacrificial altar of Ru.
  1964 | D:2      | XOM: scenery: create altars
  2149 | D:2      | XOM: god gift: lamp of fire
  2331 | D:3      | XOM: scenery: create altars
  2377 | D:3      | Noticed hilaritas's ghost (weakling DgFi)
  2385 | D:3      | XOM: confuse monster(s)
  2386 | D:3      | Reached XP level 5. HP: 38/43 MP: 5/5
  2397 | D:3      | Killed hilaritas's ghost
  2412 | D:3      | XOM: give mutations
  2412 | D:3      | Gained mutation: You are partially covered in large bone plates. (SH +4) [Xom's grace]
  2412 | D:3      | Gained mutation: You are partially covered in slimy green scales. (AC +2) [Xom's grace]
  2412 | D:3      | Gained mutation: You are partially covered in iridescent scales. (AC +2) [Xom's grace]
  2412 | D:3      | Gained mutation: Your mind is acute. (Int +2) [Xom's grace]
  2581 | D:3      | Reached skill level 6 in Polearms
  2835 | D:4      | Noticed an ice beast
  2836 | D:4      | XOM: enchant monster (good)
  2837 | D:4      | Noticed an eye of draining
  2851 | D:4      | XOM: destruction
  2854 | D:4      | Killed an ice beast
  2854 | D:4      | Reached skill level 5 in Fighting
  2854 | D:4      | Reached XP level 6. HP: 25/51 MP: 6/6
  2864 | D:4      | XOM: destruction
  2875 | D:4      | XOM: divination: magic mapping
  2883 | D:4      | HP: 2/51 [something (6)]
  2885 | D:4      | Slain by an ice beast

Skill      XL: |  1  2  3  4  5 |
---------------+----------------+-----
Fighting       | 4 5 |  5.1
Armour         | 1 |  1.4
Polearms       | 5 6 |  6.4
Dodging        | 3 |  3.7
Stealth        | 1 2 |  2.3

Action                   |  1- 3 |  4- 6 || total
-------------------------+-------+-------++-------
Melee: Spear             |   107 |   211 ||   318
  Use: Scroll            |     3 |       ||     3
       Potion            |       |     1 ||     1
 Stab: Paralysed         |     2 |     6 ||     8
       Sleeping          |     1 |     1 ||     2
       Confused          |       |     4 ||     4
  Eat: Chunk             |     2 |     4 ||     6
Armor: Leather armour    |    23 |    38 ||    61
Dodge: Dodged            |    55 |    75 ||   130
Block: Other             |       |    10 ||    10
